 Dungeon Crawl Stone Soup version bcrawl-1.19.1 (webtiles) character file.

Game seed: 6536475706410754161

24768 Revguard the Cleaver (level 12, -1/145 HPs)
             Began as a Demonspawn Berserker on Nov 23, 2019.
             Was a Priest of Trog.
             Slain by a vampire mage (8 damage)
             ... on level 12 of the Dungeon.
             The game lasted 00:32:42 (12984 turns).

Revguard the Cleaver (Demonspawn Berserker)        Turns: 12984, Time: 00:32:43

Health: -1/145     AC: 28    Str: 24    XL:     12   Next: 83%
Magic:  4/4        EV: 10    Int: 10    God:    Trog [***...]
Gold:   484        SH:  0    Dex: 21    Spells: 11/11 levels left

rFire    . . .     SeeInvis +   a - +4 executioner's axe (antimagic)
rCold    . . .     Gourm    .   (shield currently unavailable)
rNeg     . . .     Faith    .   g - +9 plate armour "Niasasm" {*Drain rPois Str+2 Dex+4}
rPois    +         Spirit   .   (helmet restricted)
rElec    +         Reflect  .   e - +0 cloak
rCorr    .         Harm     .   (no gloves)
MR       ++...                  t - +0 pair of boots
Stlth    ..........             r - amulet of the acrobat
HPRegen  1.34/turn              m - ring of insulation
MPRegen  0.09/turn              v - ring of see invisible

@: berserking, regenerating, very quick
A: antennae 2, molten scales 2, nightstalker 1
a: Berserk, Trog's Hand, Renounce Religion


You were on level 12 of the Dungeon.
You worshipped Trog.
Trog was most pleased with you.
You were near starving.

You visited 1 branch of the dungeon, and saw 12 of its levels.

You collected 823 gold pieces.
You spent 339 gold pieces at shops.

Inventory:

Hand Weapons
 a - a +4 antimagic executioner's axe (weapon)
 b - the +4 serpentine sling {petrify}
   (You found it on level 8 of the Dungeon)

   It can petrify creatures with low resistance to magic that it strikes.
 c - the +1 hand axe of Misery {flame, rPois rF+ SInv}
   (You found it on level 9 of the Dungeon)

   It has been specially enchanted to burn those struck by it, causing extra
   injury to most foes and up to half again as much damage against particularly
   susceptible opponents.
   Big, fiery blades are also staple armaments of hydra-hunters.
   It protects you from fire.
   It protects you from poison.
   It lets you see invisible.
 B - the +10 hunting sling of Suugaun {velocity, rC+}
   (You found it on level 7 of the Dungeon)

   Any stone fired from it inflicts extra damage.
   It protects you from cold.
Missiles
 k - 2 throwing nets (quivered) {!f}
 D - 964 sling bullets
Armour
 e - a +0 cloak (worn)
 g - the +9 plate armour "Niasasm" (worn) {*Drain rPois Str+2 Dex+4}
   (You found it on level 7 of the Dungeon)

   It affects your strength (+2).
   It affects your dexterity (+4).
   It protects you from poison.
   It causes draining when unequipped.
 t - a +0 pair of boots (worn)
Jewellery
 m - a ring of insulation (left hand)
 r - an amulet of the acrobat (around neck)
 v - a ring of see invisible (right hand)
 C - an uncursed ring of wizardry
Wands
 n - a wand of polymorph (11)
 y - a wand of random effects (4)
 E - a wand of iceblast (4)
 F - a wand of scattershot (4)
 M - a wand of enslavement (9)
 N - a wand of digging (7)
Scrolls
 d - a scroll of magic mapping
 f - 3 scrolls of identify
 l - 5 scrolls of remove curse
 p - 5 scrolls of fear
 s - 3 scrolls of teleportation
 u - a scroll of enchant armour
 x - 2 scrolls of blinking
 H - 6 scrolls of amnesia
 K - a scroll of silence
Potions
 h - a potion of cancellation
 i - a potion of magic
 j - 2 potions of brilliance
 o - a potion of flight
 q - a potion of curing
 w - 2 potions of haste
 A - 5 potions of lignification
 I - 2 potions of ambrosia
 L - a potion of agility
Comestibles
 z - 9 chunks of flesh
 J - 16 rations {!d}


   Skills:
 + Level 9.6 Fighting
 + Level 14.9 Axes
 + Level 3.1 Slings
 + Level 9.0 Armour
 + Level 3.9 Dodging


You had 11 spell levels left.
You didn't know any spells.
Your spell library contained the following spells:

 Spells                   Type           Power        Failure   Level  Hunger
 Summon Butterflies       Summ           #.......     99%         1    ##.....
 Summon Lightning Spire   Summ/Air       #.......     100%        5    ######.
 Bolt of Cold             Conj/Ice       #.........   100%        6    #######
 Ozocubu's Refrigeration  Ice            #.........   100%        6    #######


Dungeon Overview and Level Annotations

Branches:
Dungeon (12/12)            Temple (0/1) D:6            Lair (0/6) D:8
    Orc (0/1) D:8          Vaults (0/3) D:11
 Depths: D:12

Altars:
Ashenzari
Cheibriados
Fedhas
Gozag
Kikubaaqudgha
Okawaru
Ru
Xom
Zin

Shops:
D:3 *   D:4 :   D:5 *   D:6 ?**}?

Annotations:
D:10 1 runed door


Innate Abilities, Weirdness & Mutations

You have a pair of antennae on your head.
You are mostly covered in molten scales. (AC +3)
You are slightly more attuned to the shadows.


Message History

The vampire mage bites you but does no damage.
The centaur shoots an arrow.
The arrow hits the vampire mage.
The caustic shrike skeleton claws you!
* * * LOW HITPOINT WARNING * * *
The centaur warrior barely misses you.
The centaur shoots an arrow.
The arrow hits the vampire mage.
You hit the vampire mage.
The vampire mage's magic leaks into the air.
The vampire mage is severely damaged.
You barely miss the caustic shrike skeleton.
You slice the centaur!!
You kill the centaur!
Trog accepts your kill.
You slice the centaur warrior!!
The caustic shrike skeleton closely misses you.
The centaur warrior hits you but does no damage.
The centaur shoots an arrow.
The arrow closely misses the vampire mage.
The arrow hits you but does no damage. The vampire mage hits you!
You die...

#.#.# #.#.####
#........ #.......##
# . #...###...#. .##
###†......##.# #...
#.))..###.##.# #....
#)##.## #.##c##zZ...
#)##.####....@Vcc...
##.##.........)ZcM...
#..##.#.#####.##Z.P.P
#.###.........# ....P
#.# ###.####### ....
#)# #.# #.. .... #.#
###.### #.#


PP. #.# #.....# #.# . #.###.#.#.###.###..8 You could see a skeletal warrior, a
centaur warrior, a vampire mage (invisible), a guardian mummy, 3 centaurs, a
stone giant skeleton, a deep troll earth mage skeleton and a caustic shrike
skeleton.

Vanquished Creatures
  A vault guard (D:11)
  A hydra (D:11)
  Erica (D:8)
  2 centaur warriors
  A tengu warrior (D:11)
  The ghost of Nr616 the Cleaver, a novice MiGl of Okawaru (D:8)
  3 two-headed ogres
  A shadow wraith (D:11)
  7 skeletal warriors
  An unseen horror (D:11)
  A cyclops (D:10)
  2 deep elf magi (D:10)
  A centaur zombie (D:12)
  A cane toad (shapeshifter) (D:11)
  6 centaur skeletons
  A freezing wraith (D:11)
  A kobold demonologist (D:11)
  An efreet (D:9)
  A tengu conjurer (D:8)
  A polar bear (shapeshifter) (D:11)
  6 trolls
  A hippogriff (D:10)
  A basilisk (D:10)
  11 yaks
  A hungry ghost (D:7)
  3 vampire mosquitoes (D:12)
  A redback simulacrum (D:11)
  A water moccasin (D:8)
  A black bear (D:7)
  An ice beast (D:8)
  A meliai simulacrum (D:8)
  A necrophage (D:8)
  8 orc warriors
  A sky beast (D:4)
  A phantom (D:7)
  An eye of draining (D:8)
  4 ogres
  7 centaurs
  7 bullfrogs
  5 big kobolds
  2 jellies
  3 scorpions
  10 killer bees
  A howler monkey (D:8)
  2 vampire bats (D:4)
  5 crimson imps
  2 hounds
  3 orc priests
  11 orc wizards
  A bullfrog skeleton (D:7)
  Jessica (D:2)
  3 iguanas
  8 worker ants
  Terence (D:2)
  A hound zombie (D:6)
  3 gnolls (D:3)
  14 adders
  A hound simulacrum (D:8)
  A shadow imp (D:3)
  4 oozes
  An adder skeleton (D:7)
  6 worms
  10 leopard geckos
  53 orcs
  2 ball pythons
  5 bats
  4 bat skeletons (D:4)
  A bat zombie (D:4)
  4 giant cockroaches
  8 goblins
  5 hobgoblins
  12 jackals
  17 kobolds
  6 quokkas
  5 frilled lizards
  A quokka skeleton (D:6)
  6 rats
321 creatures vanquished.

Vanquished Creatures (collateral kills)
  A deep elf knight (D:10)
  A deep elf archer (D:10)
  A deep elf mage (D:10)
3 creatures vanquished.

Vanquished Creatures (others)
  An eye of draining (D:8)
  A withered plant (D:12)
2 creatures vanquished.

Grand Total: 326 creatures vanquished

Notes
Turn   | Place    | Note
-------+----------+-------------------------------------------
     0 | D:1      | Revguard the Demonspawn Berserker began the quest for the
                  | Orb.
     0 | D:1      | Reached XP level 1. HP: 18/18 MP: 1/1
   227 | D:1      | Gained mutation: You are partially covered in molten
                  | scales. (AC +2) [demonic ancestry]
   227 | D:1      | Reached XP level 2. HP: 21/24 MP: 2/2
   266 | D:1      | Reached skill level 3 in Axes
   653 | D:1      | Reached XP level 3. HP: 19/29 MP: 3/3
   660 | D:1      | Reached ** piety under Trog
  1340 | D:2      | Noticed Jessica
  1360 | D:2      | Killed Jessica
  1360 | D:2      | Reached XP level 4. HP: 15/36 MP: 4/4
  1483 | D:2      | Noticed Terence
  1499 | D:2      | Killed Terence
  1499 | D:2      | Reached skill level 4 in Axes
  1662 | D:2      | Reached XP level 5. HP: 25/42 MP: 5/5
  2082 | D:2      | Found a snail-covered altar of Cheibriados.
  2393 | D:3      | Reached *** piety under Trog
  2902 | D:3      | Found an opulent altar of Gozag.
  2912 | D:3      | Reached skill level 5 in Axes
  2915 | D:3      | Reached XP level 6. HP: 27/48 MP: 6/6
  3153 | D:3      | Found Gozag's Platinum Reserve.
  3489 | D:4      | Noticed a sky beast
  3500 | D:4      | Killed a sky beast
  3504 | D:4      | HP: 1/48 [orc priest/divine providence (10)]
  3861 | D:4      | Gained mutation: You have a pair of small antennae on your
                  | head. [demonic ancestry]
  3861 | D:4      | Reached XP level 7. HP: 30/55 MP: 7/7
  4030 | D:4      | Found Bethi's Book Emporium.
  4435 | D:4      | Found an ancient bone altar of Kikubaaqudgha.
  4467 | D:4      | Reached skill level 6 in Axes
  4606 | D:5      | Entered Level 5 of the Dungeon
  4773 | D:5      | Found Ceygis's Assorted Antiques.
  4941 | D:5      | Noticed a troll
  4951 | D:5      | Killed a troll
  4951 | D:5      | Reached XP level 8. HP: 61/61 MP: 8/8
  5842 | D:6      | Found Dopewkef's General Store.
  5843 | D:6      | Found Cejali's Assorted Antiques.
  5857 | D:6      | Reached skill level 7 in Axes
  5863 | D:6      | Reached skill level 5 in Fighting
  5867 | D:6      | Reached **** piety under Trog
  5870 | D:6      | Reached skill level 5 in Armour
  6250 | D:6      | Bought a potion of heal wounds for 60 gold pieces
  6250 | D:6      | Bought a scroll of enchant weapon for 90 gold pieces
  6250 | D:6      | Bought a scroll of identify for 24 gold pieces
  6250 | D:6      | Bought a scroll of enchant weapon for 90 gold pieces
  6260 | D:6      | Found Goivitia's Magic Scroll Emporium.
  6273 | D:6      | Found Fyes's Gadget Shop.
  6284 | D:6      | Reached skill level 8 in Axes
  6288 | D:6      | Bought a scroll of enchant armour for 75 gold pieces
  6299 | D:6      | Gained mutation: You are slightly more attuned to the
                  | shadows. [demonic ancestry]
  6299 | D:6      | Reached XP level 9. HP: 62/69 MP: 9/9
  6539 | D:6      | Found a blossoming altar of Fedhas.
  6575 | D:6      | Found a staircase to the Ecumenical Temple.
  6581 | D:6      | Noticed a troll
  6588 | D:6      | Killed a troll
  6684 | D:6      | Found Ziokhl Raih's Magic Scroll Shoppe.
  6803 | D:7      | Noticed a troll
  6811 | D:7      | Killed a troll
  6811 | D:7      | Reached skill level 9 in Axes
  6892 | D:7      | Got an ebony hunting sling
  6894 | D:7      | Identified the +10 hunting sling of Suugaun {velocity, rC+}
                  | (You found it on level 7 of the Dungeon)
  6969 | D:7      | Found a sacrificial altar of Ru.
  7301 | D:7      | Reached ***** piety under Trog
  7313 | D:7      | Gained mutation: You have a pair of antennae on your head.
                  | [demonic ancestry]
  7313 | D:7      | Reached XP level 10. HP: 57/77 MP: 10/10
  7531 | D:7      | Reached skill level 10 in Axes
  7645 | D:7      | Identified the Handbook of Supportive Snow
  7659 | D:7      | Got a steaming plate armour
  8145 | D:7      | Identified the +9 plate armour "Niasasm" {*Drain rPois
                  | Str+2 Dex+4} (You found it on level 7 of the Dungeon)
  8175 | D:8      | Found a runed translucent gate.
  8176 | D:8      | Found a runed translucent gate.
  8178 | D:8      | Found a runed translucent gate.
  8180 | D:8      | Noticed Nr616's ghost (novice MiGl)
  8344 | D:8      | Received a gift from Trog
  8365 | D:8      | Noticed a two-headed ogre
  8375 | D:8      | Killed a two-headed ogre
  8472 | D:8      | Reached skill level 11 in Axes
  8721 | D:8      | Found a staircase to the Lair.
  8726 | D:8      | Found a staircase to the Orcish Mines.
  9012 | D:8      | Found a glowing silver altar of Zin.
  9030 | D:8      | Found a shattered altar of Ashenzari.
  9044 | D:8      | Found the +4 serpentine sling {petrify}
  9055 | D:8      | Found a shimmering altar of Xom.
  9183 | D:8      | Found an iron altar of Okawaru.
  9219 | D:8      | Noticed Erica
  9227 | D:8      | Killed Erica
  9227 | D:8      | Gained mutation: You are mostly covered in molten scales.
                  | (AC +3) [demonic ancestry]
  9227 | D:8      | Reached XP level 11. HP: 84/84 MP: 3/11
  9528 | D:9      | Reached skill level 12 in Axes
  9820 | D:9      | Noticed a centaur warrior
  9834 | D:9      | Killed a centaur warrior
  9953 | D:9      | Got a polished hand axe
  9965 | D:9      | Identified the cursed +1 hand axe of Misery {flame, rPois
                  | rF+ SInv} (You found it on level 9 of the Dungeon)
 10160 | D:10     | Entered Level 10 of the Dungeon
 10160 | D:10     | Noticed a deep elf knight
 10160 | D:10     | Noticed a deep elf mage
 10162 | D:10     | Noticed a deep elf archer
 10163 | D:10     | Noticed a deep elf mage
 10163 | D:10     | Noticed a deep elf mage
 10175 | D:10     | Killed a deep elf mage
 10175 | D:10     | Reached skill level 1 in Slings
 10423 | D:10     | Killed a deep elf knight
 10425 | D:10     | Killed a deep elf mage
 10425 | D:10     | Killed a deep elf mage
 10427 | D:10     | Killed a deep elf archer
 10477 | D:10     | Noticed a cyclops
 10488 | D:10     | Killed a cyclops
 10731 | D:10     | Reached skill level 13 in Axes
 10912 | D:10     | Noticed a two-headed ogre
 10921 | D:10     | Killed a two-headed ogre
 10983 | D:10     | Found a runed door.
 10983 | D:10     | Noticed a phantasmal warrior
 10983 | D:10     | Noticed a flayed ghost
 10983 | D:10     | Noticed a flayed ghost
 10985 | D:10     | Noticed a frost giant
 10985 | D:10     | Noticed a phantasmal warrior
 10985 | D:10     | Noticed a frost giant
 10985 | D:10     | Noticed a deep troll earth mage
 10985 | D:10     | Noticed an ettin
 11187 | D:8      | Killed Nr616's ghost
 11287 | D:11     | Noticed an unseen horror
 11306 | D:11     | Killed an unseen horror
 11333 | D:11     | Found a shimmering altar of Xom.
 11457 | D:11     | Noticed a two-headed ogre
 11462 | D:11     | Killed a two-headed ogre
 11462 | D:11     | Reached XP level 12. HP: 81/94 MP: 4/12
 11577 | D:11     | Noticed a centaur warrior
 11583 | D:11     | Killed a centaur warrior
 11594 | D:11     | Found a shimmering altar of Xom.
 11594 | D:11     | Found a shimmering altar of Xom.
 11596 | D:11     | Found a shimmering altar of Xom.
 11597 | D:11     | Found a shimmering altar of Xom.
 11598 | D:11     | Found a shimmering altar of Xom.
 11602 | D:11     | Found a shimmering altar of Xom.
 11635 | D:11     | Got a crude scimitar
 11637 | D:11     | Identified the cursed +2 scimitar "Asmoriz" {freeze, rElec}
                  | (You found it on level 11 of the Dungeon)
 11660 | D:11     | Reached skill level 14 in Axes
 11914 | D:11     | Noticed a tengu warrior
 11928 | D:11     | Killed a tengu warrior
 11962 | D:11     | Noticed a seven-headed hydra
 11973 | D:11     | Killed a one-headed hydra
 11991 | D:11     | Noticed a vault guard
 12027 | D:11     | HP: 4/142 [vault guard/+0 war axe (11)]
 12029 | D:11     | Killed a vault guard
 12309 | D:11     | Found a gate to the Vaults.
 12712 | D:12     | Entered Level 12 of the Dungeon
 12970 | D:12     | Noticed a centaur warrior
 12972 | D:12     | Noticed a vampire mage
 12983 | D:12     | HP: 6/144 [caustic shrike skeleton (14)]
 12984 | D:12     | Slain by a vampire mage

Skill      XL: |  1  2  3  4  5  6  7  8  9 10 11 12 |
---------------+-------------------------------------+-----
Axes           | 3 4 5 6 8 9 11 13 14 | 14.9
Dodging        | 2 3 |  3.9
Armour         | 2 3 4 5 6 7 8 9 |  9.0
Fighting       | 4 5 6 7 8 9 |  9.6
Slings         | 2 3 |  3.1

Action                   |  1- 3 |  4- 6 |  7- 9 | 10-12 || total
-------------------------+-------+-------+-------+-------++-------
Melee: Hand axe          |   108 |   268 |   148 |     8 ||   532
       Battleaxe         |       |       |   111 |    64 ||   175
       Executioner's axe |       |       |       |   364 ||   364
 Fire: Hunting sling     |       |       |     9 |    19 ||    28
Invok: Berserk           |     2 |     4 |     6 |     9 ||    21
       Trog's Hand       |     1 |     3 |     5 |     8 ||    17
       Brothers in Arms  |       |       |       |     4 ||     4
Evoke: Wand              |       |       |       |     1 ||     1
  Use: Scroll            |       |    10 |     8 |     7 ||    25
       Potion            |       |     8 |     2 |     2 ||    12
 Stab: Sleeping          |     1 |       |       |       ||     1
       Petrified         |       |       |       |     9 ||     9
       Petrifying        |       |       |       |     2 ||     2
       Distracted        |       |       |       |     1 ||     1
  Eat: Chunk             |     2 |    13 |    16 |    20 ||    51
       Ration            |       |       |     2 |     3 ||     5
Armor: Animal skin       |     5 |       |       |       ||     5
       Leather armour    |    28 |     3 |       |       ||    31
       Chain mail        |       |   154 |   183 |    30 ||   367
       Plate armour      |       |       |       |   410 ||   410
Dodge: Dodged            |    59 |   139 |   198 |   285 ||   681
